Map: Coda EC

Players

AgCl - Winner!

  • Race: Protoss Protoss

kaffeepause

  • Race: Terran Terran

VOD

Have the link to the VOD?

Description

Time

  • Played on: May 12, 2015, 6:03 a.m.
  • Length: 4:04
Show
View Real Time Build Order
Export as new Build Order

AgCl Protoss - Winner!

Build Orders: Oracle Opening, Oracle Opening 

Get SALT Encoding   

  12  0:02  Probe  
  13  0:20  Pylon  
  13  0:26  Probe  
  13  0:28  Assimilator  
  14  0:43  Gateway, Probe (Chrono Boost)  
  15  0:55  Probe (Chrono Boost)  
  16  1:03  Probe (Chrono Boost)  
  17  1:12  Probe (Chrono Boost)  
  17  1:16  Pylon  
  18  1:25  Probe (Chrono Boost)  
  20  1:33  Probe (Chrono Boost)  
  20  1:36  Zealot (Chrono Boost)  
  22  1:44  Cybernetics Core  
  22  1:46  Probe  
  23  1:47  Assimilator  
  23  1:58  Probe  
  24  2:11  Probe (Chrono Boost)  
  25  2:21  Stargate  
  26  2:23  Probe (Chrono Boost)  
  26  2:29  Probe (Chrono Boost)  
  26  2:40  Mothership Core  
  28  2:58  Pylon  
  28  3:00  Nexus  
  27  3:07  Oracle (Chrono Boost)  
  29  3:16  Probe, Adept (Chrono Boost)  
  32  3:29  Probe  
  33  3:41  Probe  
  34  3:47  Robotics Facility  
  34  3:49  Pylon  
Show
View Real Time Build Order
Export as new Build Order

kaffeepause Terran 

Build Orders: Command Center First (CC) 

Get SALT Encoding   

  12  0:01  SCV  
  13  0:13  SCV  
  14  0:18  Supply Depot  
  14  0:25  SCV  
  15  0:39  SCV  
  16  0:52  SCV  
  17  1:04  SCV  
  18  1:08  Command Center  
  18  1:16  SCV  
  19  1:20  Barracks  
  19  1:28  SCV  
  20  1:40  SCV  
  21  1:48  Supply Depot  
  21  1:52  SCV  
  22  2:04  SCV  
  23  2:12  Marine  
  24  2:20  Command Center  
  24  2:23  Orbital Command  
  24  2:30  Refinery, Marine  
  24  2:47  Marine  
  23  2:52  Orbital Command  
  22  3:05  Marine  
  22  3:11  Refinery  
  23  3:20  SCV x2, Bunker  
  23  3:23  Marine  
  26  3:29  Barracks  
  26  3:30  Barracks  
  26  3:32  SCV  
  26  3:34  Orbital Command  
  27  3:37  SCV  
  28  3:45  SCV  
Tags
 
Add a new tag
Caveats
  • Supply blocks, unpowered buildings, or Contaminate may cause inaccurate times.
  • Supply counts are checked every 10 seconds.